 Dungeon Crawl Stone Soup version 0.18.1-48-g4cf74bf (webtiles) character file.

802 HEYYEYAAE the Chiller (level 7, 57/57 HPs)
             Began as a Pale Draconian Ice Elementalist on Sept 3, 2016.
             Got out of the dungeon alive.
             The game lasted 00:07:54 (4487 turns).

HEYYEYAAE the Chiller (DrIE)                        Turns: 4487, Time: 00:07:55

Health: 57/57      AC:  7    Str: 11    XL:     7   Next: 59%
Magic:  14/14      EV: 13    Int: 21    God:
Gold:   245        SH:  0    Dex: 11    Spells: 2 memorised, 12 levels left

rFire  . . .     SeeInvis .     A - +0 spear (flame)
rCold  . . .     Gourm    .     (armour unavailable)
rNeg   . . .     Faith    +     (no shield)
rPois  .         Spirit   .     (helmet restricted)
rElec  .         Dismiss  .     B - +0 cloak
rCorr  .         Reflect  .     (no gloves)
SustAt .         Harm     .     (no boots)
MR     +....                    h - amulet of faith
Stlth  ++........               j - ring of protection from magic
                                e - +4 ring of intelligence

@: somewhat resistant to hostile enchantments, unstealthy
A: breathe steam, unfitting armour, cold-blooded, AC +6
a: Breathe Steam


You escaped.
You were near starving.

You visited 1 branch of the dungeon, and saw 5 of its levels.

You collected 245 gold pieces.

Inventory:

Hand Weapons
 A - a +0 spear of flaming (weapon)
Armour
 B - a +0 cloak (worn)
Magical Staves
 s - an uncursed staff of death
Jewellery
 e - a +4 ring of intelligence (left hand)
 h - an amulet of faith (around neck)
 j - a ring of protection from magic (right hand)
 r - an uncursed ring of flight
Scrolls
 t - a scroll of random uselessness {unknown}
 v - a scroll of amnesia
 x - a scroll of fog {unknown}
 y - a scroll of enchant armour {unknown}
 z - a scroll of magic mapping {unknown}
 C - a scroll of fear {unknown}
Potions
 g - 3 potions of agility
 i - a potion of cancellation
 k - a potion of flight {unknown}
 l - a potion of degeneration
 m - a potion of haste {unknown}
 n - 2 potions of curing
 o - a potion of ambrosia {unknown}
 p - a potion of brilliance
 q - a potion of mutation {unknown}
 u - a potion of might {unknown}
Books
 a - a book of Frost

   Spells                             Type                      Level
   a - Freeze                         Ice                          1
   b - Throw Frost                    Conjuration/Ice              2
   c - Ozocubu's Armour               Charms/Ice                   3
   d - Throw Icicle                   Conjuration/Ice              4
   e - Summon Ice Beast               Ice/Summoning                4
 w - a book of Enchantments

   Spells                             Type                      Level
   a - Cause Fear                     Hexes                        4
   b - Yara's Violent Unravelling     Hexes/Transmutation          5
   c - Silence                        Hexes/Air                    5
   d - Deflect Missiles               Charms/Air                   6
   e - Haste                          Charms                       6
   f - Discord                        Hexes                        8
Comestibles
 b - 3 bread rations
 c - 4 fruits
 d - a royal jelly
 f - 3 beef jerkies


   Skills:
 + Level 3.2 Fighting
 + Level 2.7 Staves
 + Level 3.3 Dodging
 - Level 1.7 Stealth
 * Level 4.7 Spellcasting
 - Level 1.0 Conjurations
 * Level 5.3 Ice Magic


You had 12 spell levels left.
You knew the following spells:

 Your Spells              Type           Power        Failure   Level  Hunger
a - Freeze                Ice            ####         1%          1    None
b - Throw Frost           Conj/Ice       ###...       6%          2    #......


Dungeon Overview and Level Annotations

Branches:
Dungeon (5/15)             Temple (0/1) D:5

Altars:


Innate Abilities, Weirdness & Mutations

You can breathe blasts of scalding, opaque steam.
Your pale cyan-grey scales are hard (AC +6).
Your body does not fit into most forms of armour.
You are cold-blooded and may be slowed by cold attacks.


Message History

No target in view!
No target in view!
There is an escape hatch in the ceiling here.
A mysterious force pulls you upwards. The hatch slams shut behind you.
There is a stone staircase leading up here.
You climb upwards.
You are near starving!
There is a stone staircase leading down here.
HP restored.
There is a stone staircase leading up here.
You climb upwards.
There is a stone staircase leading down here.
There is a stone staircase leading up here.
You climb upwards.
There is a stone staircase leading down here.
There is a dry fountain here.
There is a dry fountain here.
There is a staircase leading out of the dungeon here.
Are you sure you want to leave the Dungeon?
This will make you lose the game!
You have escaped!

##.#############.####..#####
#.. #.# ###....÷..#### #..
#.########.....⌠.....# #..
#...†...###..⌠...⌠..## #####
#.. #.#####.# ##.......##
#...###). #.#######
##..⌠..## ####.##.. #.....#
##...## #..... #.#####
####...#### #.##..
#...#######....@....##
####..
#####..................
##.... #..⌠(...⌠.....⌠....
#..#.. #.....⌠....#....⌠..
##.#.. ##..⌠....#####....⌠
#.#.. ##....### ##... #....
##.### ##.#####.... ###
#####........ #...#####....


There were no monsters in sight!

Vanquished Creatures
  2 ogres
  3 crimson imps
  A centaur zombie (D:5)
  A jelly (D:5)
  An orc priest (D:3)
  An orc wizard (D:5)
  2 iguanas
  5 worker ants
  A killer bee zombie (D:5)
  A hound skeleton (D:3)
  A worker ant zombie (D:5)
  9 adders
  An adder zombie (D:5)
  A worm (D:3)
  A dart slug (D:2)
  6 giant geckos
  10 orcs
  3 ball pythons
  2 giant cockroaches
  13 goblins
  5 hobgoblins
  8 jackals
  2 quokkas (D:4)
  4 bats
  4 giant newts
  7 kobolds
  A quokka skeleton (D:4)
  7 rats
103 creatures vanquished.

Notes
Turn   | Place    | Note
--------------------------------------------------------------
     0 | D:1      | HEYYEYAAE the Draconian Ice Elementalist began the quest for the Orb.
     0 | D:1      | Reached XP level 1. HP: 14/14 MP: 3/3
   112 | D:1      | Reached XP level 2. HP: 4/22 MP: 1/5
   727 | D:1      | Reached skill level 1 in Fighting
   985 | D:2      | Reached XP level 3. HP: 14/28 MP: 0/6
  1464 | D:2      | Reached XP level 4. HP: 26/35 MP: 8/8
  1639 | D:2      | Learned a level 2 spell: Throw Frost
  2331 | D:3      | Reached XP level 5. HP: 40/41 MP: 9/9
  2432 | D:3      | Reached skill level 4 in Ice Magic
  2438 | D:3      | Reached skill level 1 in Staves
  3004 | D:4      | Noticed an ogre
  3062 | D:4      | Reached XP level 6. HP: 46/48 MP: 6/11
  3651 | D:5      | Entered Level 5 of the Dungeon
  3859 | D:5      | Your scales start taking on a pale cyan-grey colour.
  3859 | D:5      | Reached XP level 7. HP: 46/56 MP: 13/13
  3977 | D:5      | Found a staircase to the Ecumenical Temple.
  4059 | D:5      | Reached skill level 5 in Ice Magic
  4487 | D:$      | Got out of the dungeon alive.

Skill      XL: |  1  2  3  4  5  6  7 |
---------------+----------------------+-----
Dodging        | 2 3 |  3.3
Fighting       | 1 2 3 |  3.2
Spellcasting   | 3 4 |  4.7
Ice Magic      | 4 5 |  5.3
Staves         | 1 2 |  2.7
Stealth        | |  1.7
Conjurations   | |  1.0

Action                   |  1- 3 |  4- 6 |  7- 9 || total
-------------------------+-------+-------+-------++-------
Melee: Unarmed           |   152 |       |       ||   152
       Tailslap          |    14 |    10 |     4 ||    28
       Trident           |    10 |    88 |       ||    98
       Staff             |     2 |       |       ||     2
       Spear             |       |    28 |    63 ||    91
 Cast: Freeze            |    30 |    61 |    21 ||   112
  Use: Scroll            |       |    10 |       ||    10
 Stab: Sleeping          |     5 |     5 |       ||    10
  Eat: Chunk             |     2 |     6 |     2 ||    10
Armor: Skin              |    57 |    42 |    25 ||   124
Dodge: Dodged            |   116 |   105 |    48 ||   269
